Map: Scythe of Amon

Players

NamroodTuo

  • Race: Zerg Zerg

Skalazub

  • Race: Zerg Zerg

VOD

Have the link to the VOD?

Description

Time

  • Played on: Jan. 8, 2023, 4:07 p.m.
  • Length: 24:48
Show
View Real Time Build Order
Export as new Build Order

NamroodTuo Zerg 

Build Orders:  

Get SALT Encoding   

  12  0:11  Infested SCV  
  13  0:28  Overlord  
  13  0:32  Infested SCV  
  13  0:35  Infested SCV  
  15  0:48  Infested Barracks  
  15  1:00  Infested SCV  
  15  1:02  Infested SCV  
  17  1:17  Infested SCV  
  18  1:24  Infested SCV  
  19  1:38  Overlord  
  19  1:51  Infestation Level 1  
  19  1:54  Infested SCV  
  20  2:13  Infested SCV  
  21  2:20  Infested Marine  
  21  2:29  Infested SCV  
  23  2:47  Infested Refinery  
  23  2:51  Infested SCV, Infested Refinery  
  24  3:17  Infested SCV  
  24  3:19  Overlord  
  24  4:00  Infested SCV x2  
  24  4:02  Infested SCV  
  27  4:23  Infested Engineering Bay  
  27  4:27  Infested SCV  
  28  4:32  Infested Barracks Tech Lab  
  28  4:46  Infested SCV  
  29  4:53  Infested SCV  
  30  5:02  Infested Marine x3  
  30  5:05  Infested SCV  
  34  5:25  Infested Barracks  
  34  5:31  Infested Factory  
  34  5:32  Regenerative Plating  
  38  5:46  Infested Bunker  
  38  5:47  Overlord x2  
  38  5:56  Retinal Augmentation  
  38  6:16  Infestation Level 2  
  38  6:22  Infested Marine  
  38  6:23  Infested Marine x16  
  52  6:50  Unknown  
  52  6:56  Plagued Munitions  
  52  7:18  Infested Marine  
  52  7:19  Infested Marine x2  
  55  7:27  Overlord x2  
  55  7:28  Overlord x3  
  55  7:32  Stukov Infantry Weapons Level 1  
  35  8:16  Anaerobic Enhancement  
  42  9:42  Infested Bunker  
  42  9:45  Infested Bunker  
  46  9:50  Infested Bunker  
  46  9:52  Infested SCV  
  46  9:53  Infested SCV x3  
  50  10:04  Infested Armory  
  50  10:05  Broodling Gestation  
  50  10:12  Stukov Infantry Armor Level 1  
  50  10:15  Infested Marine x3  
  50  10:16  Infested Marine x17  
  65  10:52  Infested Marine  
  65  10:53  Infested Marine x6  
  65  10:55  Infested Marine  
  66  11:02  Infested Marine  
  65  11:11  Infested Marine  
  65  11:12  Infested Marine  
  66  11:39  Infested Barracks  
  64  11:46  Infested Barracks  
  62  11:50  Infested Marine  
  62  11:51  Infested Marine x9  
  60  12:46  Infested Marine  
  60  12:47  Infested Marine x15  
  60  12:48  Infested Marine x2  
  76  12:54  Calcified Armor  
  76  13:07  Infested Bunker  
  84  13:22  Infested Marine  
  84  13:23  Infested Marine x7  
  84  13:24  Infested Marine x3  
  84  13:29  Overlord x2  
  87  13:36  Overlord  
  87  13:54  Stukov Infantry Weapons Level 2  
  87  13:56  Infested Bunker  
  87  14:00  Infested Marine  
  87  14:01  Infested Marine x12  
  87  14:02  Infested Marine x3  
  85  14:53  Infested Marine  
  85  14:54  Infested Marine x14  
  85  14:55  Infested Marine x15  
  104  15:08  Infested Marine  
  104  15:09  Infested Marine x7  
  112  15:10  Infested Marine x7  
  112  15:18  Overlord x3  
  116  15:34  Infested Marine x3  
  116  15:35  Infested Marine  
  107  15:42  Overlord x2  
  107  15:46  Overlord  
  107  15:49  Infested Marine x2  
  109  15:50  Infested Marine x2  
  106  16:28  Infested Marine x5  
  106  16:29  Infested Marine x23  
  118  16:30  Infested Marine x4  
  118  16:37  Infested Marine  
  118  16:38  Infested Marine x6  
  102  16:57  Infested Marine x2  
  102  16:58  Infested Marine x14  
  102  16:59  Infested Marine  
  119  17:04  Stukov Infantry Armor Level 2  
  119  17:08  Infested Marine  
  119  17:09  Infested Marine x7  
  126  17:10  Infested Marine  
  66  18:40  Infested Marine x5  
  66  18:41  Infested Marine x22  
  66  18:42  Infested Marine x10  
  95  18:50  Infestation Level 3  
  95  19:05  Infested Missile Turret  
  95  19:25  Infested Missile Turret  
  95  19:32  Infested Marine x6  
  95  19:33  Infested Marine x20  
  116  20:13  Stukov Infantry Weapons Level 3  
  77  20:36  Infested Marine  
  77  20:37  Infested Marine x13  
  77  20:38  Infested Marine x21  
  77  20:39  Infested Marine  
  113  21:09  Infested Marine  
  95  21:10  Infested Marine x6  
  95  21:11  Infested Marine x22  
  95  21:12  Infested Marine  
  124  21:26  Infested Marine x4  
  124  21:27  Infested Marine x9  
  101  22:21  Infested Marine x3  
  101  22:22  Infested Marine x17  
  101  22:23  Infested Marine x21  
  101  22:24  Infested Marine x5  
  122  22:41  Infested Marine x5  
  122  22:42  Infested Marine x10  
  126  22:52  Infested Marine  
  126  22:53  Infested Marine x7  
  126  22:54  Infested Marine  
Show
View Real Time Build Order
Export as new Build Order

Skalazub Zerg 

Build Orders:  

Get SALT Encoding   

  18  0:07  Primal Drone  
  19  0:21  Primal Drone  
  19  0:22  Primal Drone  
  19  0:25  Primal Drone  
  22  0:36  Extractor  
  22  0:45  Extractor  
  22  0:58  Primal Drone  
  22  0:59  Primal Drone  
  24  1:07  Primal Drone  
  25  1:52  Primal Drone x2  
  28  2:11  Primal Warden  
  28  2:37  Primal Drone  
  28  2:38  Primal Drone  
  28  2:39  Primal Drone  
  31  2:47  Primal Drone  
  32  3:25  Glevig's Den, Primal Drone  
  32  3:26  Primal Drone  
  32  3:27  Primal Attacks Level 1  
  33  3:31  Primal Zergling x2  
  35  4:02  Ravasaur  
  35  4:05  Primal Drone  
  35  4:06  Primal Drone x2  
  38  4:20  Primal Zergling x2  
  38  4:21  Primal Zergling  
  41  4:39  Primal Warden  
  42  4:41  Ravasaur  
  42  4:45  Primal Zergling  
  43  5:07  Ravasaur, Murvar's Den  
  42  5:28  Primal Drone x2  
  44  5:35  Primal Drone  
  45  5:43  Primal Hydralisk  
  45  5:44  Primal Hydralisk  
  45  5:45  Primal Hydralisk x2  
  53  6:04  Primal Warden  
  53  6:07  Primal Carapace Level 1, Primal Warden  
  55  7:38  Slicing Glave  
  55  7:44  Primal Hydralisk x3  
  55  7:46  Primal Hydralisk  
  63  7:50  Primal Mutalisk  
  63  7:51  Primal Mutalisk  
  58  8:38  Shifting Carapace  
  47  9:37  Primal Reconstitution  
  47  10:11  Primal Hydralisk x3  
  47  10:12  Primal Hydralisk x5  
  47  10:13  Primal Hydralisk x3  
  65  10:57  Primal Mutalisk x2  
  65  10:58  Primal Mutalisk x3  
  58  12:57  Primal Hydralisk  
  58  12:58  Primal Hydralisk x5  
  58  12:59  Primal Hydralisk x4  
  73  13:32  Primal Mutalisk x3  
  73  13:33  Primal Mutalisk  
  73  13:36  Primal Mutalisk  
  68  15:17  Primal Hydralisk x4  
  68  15:18  Primal Hydralisk x4  
  68  15:19  Primal Hydralisk  
  86  15:33  Primal Hydralisk  
  56  19:12  Primal Hydralisk  
  56  19:13  Primal Hydralisk x4  
  56  19:14  Primal Hydralisk x5  
  56  19:15  Primal Hydralisk x4  
  56  19:16  Primal Hydralisk x3  
  84  20:16  Primal Mutalisk  
  84  20:17  Primal Mutalisk x4  
  84  20:18  Primal Mutalisk x4  
  75  20:29  Primal Mutalisk  
Tags
 
Commander
DehakaStukov
Matchup
Co-op
Replay Pack
Multiplayer
Add a new tag
Caveats
  • Supply blocks, unpowered buildings, or Contaminate may cause inaccurate times.
  • Supply counts are checked every 10 seconds.